 Dungeon Crawl Stone Soup version 0.29-a0-775-g4d7333d4e2 (webtiles) character file.

Game seed: 16838587222453720532

1891 zeratav the Ruffian (level 8, -1/80 HPs)
             Began as a Troll Fighter on July 1, 2022.
             Was an Initiate of Ru.
             Slain by a sky beast (3 damage)
             ... on level 6 of the Dungeon.
             The game lasted 00:07:56 (5098 turns).

zeratav the Ruffian (Troll Fighter)                 Turns: 5098, Time: 00:07:56

Health: -1/80      AC:  4    Str: 27    XL:     8   Next: 93%
Magic:  7/7        EV:  8    Int:  4    God:    Ru [......]
Gold:   368        SH:  8    Dex:  9    Spells: 7/7 levels left

rFire   + . .      SeeInvis .     - Unarmed
rCold   + . .      Faith    .   b - +0 kite shield
rNeg    . . .      Spirit   .   a - +0 robe
rPois   +          Reflect  .   (helmet restricted)
rElec   .          Harm     .   m - scarf {rC+ rF+}
rCorr   .          Rampage  .   (gloves unavailable)
Will    .....                   (boots unavailable)
Stlth   +.........              (no amulet)
HPRegen 1.03/turn               l - ring of poison resistance
MPRegen 0.10/turn               (no ring)

@: no status effects
A: large, unfitting armour, claws 3, regeneration 1, shaggy fur 1, tough skin 1
a: Renounce Religion


You were on level 6 of the Dungeon.
You worshipped Ru.
Ru was noncommittal.
You visited 2 branches of the dungeon, and saw 8 of its levels.

You collected 368 gold pieces.


Innate Abilities, Weirdness & Mutations

You are too large for most types of armour.
You have claws for hands.
Your natural rate of healing is unusually fast.
You are covered in fur. (AC +1)
You have tough skin. (AC +1)


   Skills:
 + Level 5.3 Fighting
 + Level 5.0 Throwing
 - Level 2.4 Dodging
 + Level 5.8 Shields
 + Level 6.4 Unarmed Combat


You had 7 spell levels left.
You didn't know any spells.
Your spell library contained the following spells:

 Spells                   Type           Power      Damage    Failure   Level
 Apportation              Tloc           0%         N/A       77%         1
 Necrotize                Necr           0%         1d4       77%         1
 Summon Small Mammal      Summ           0%         N/A       77%         1
 Sublimation of Blood     Necr           0%         N/A       88%         2
 Wereblood                Tmut           0%         N/A       88%         2
 Summon Hydra             Summ           0%         N/A       100%        7

Inventory:

Hand Weapons
 y - the +5 demon whip "Spellbinder" {antimagic, Will+, mace}
   (You found it on level 4 of the Dungeon)

   It reduces the magical energy of the wielder, and disrupts the spells and
   magical abilities of those it strikes.
   Natural abilities and divine invocations are not affected.
   It unleashes wild and unpredictable magical effects upon striking a wizard or
   a creature with magical abilities.
   Will:      It increases your willpower.
Missiles
 q - 17 poisoned darts (quivered) {throwing}
 t - 6 atropa-tipped darts {throwing}
 A - 4 boomerangs {throwing}
Armour
 a - a +0 robe (worn)
 b - a +0 kite shield (worn)
 m - a scarf of resistance (worn)
   (You found it on level 2 of the Dungeon)
 H - a scarf of repulsion
   (You found it on level 6 of the Dungeon)
Jewellery
 l - a ring of poison resistance (left claw)
   (You found it on level 2 of the Dungeon)
 x - a +6 ring of dexterity
   (You found it on level 4 of the Dungeon)
 C - a ring of positive energy
   (You found it on level 5 of the Dungeon)
 E - a +6 ring of intelligence
   (You found it on level 5 of the Dungeon)
Wands
 F - a wand of light (11)
   (You found it on level 6 of the Dungeon)
Scrolls
 d - 9 scrolls of identify {unknown}
 e - 6 scrolls of vulnerability {unknown}
 g - a scroll of noise {unknown}
 k - 3 scrolls of teleportation {unknown}
 n - a scroll of enchant weapon {unknown}
 r - 4 scrolls of immolation {unknown}
 s - a scroll of silence {unknown}
 u - a scroll of magic mapping {unknown}
 v - a scroll of fear {unknown}
 w - 3 scrolls of blinking {unknown}
 B - a scroll of enchant armour {unknown}
 G - a scroll of poison {unknown}
 I - a scroll of summoning {unknown}
Potions
 c - a potion of might
 f - a potion of brilliance {unknown}
 h - 2 potions of flight {unknown}
 i - 3 potions of curing {unknown}
 j - 3 potions of heal wounds {unknown}
 o - a potion of degeneration {unknown}
 p - 3 potions of lignification {unknown}
 z - 2 potions of attraction {unknown}
 D - 2 potions of haste {unknown}
 J - a potion of magic {unknown}

Dungeon Overview and Level Annotations

Branches:
Dungeon (7/15) Zot: 26738  Temple (1/1) D:7 Zot: 5836

Altars:
Ashenzari
Cheibriados
Elyvilon
Fedhas
Gozag
Hepliaklqana
Kikubaaqudgha
Makhleb
Nemelex Xobeh
Okawaru
Qazlal
Ru
Sif Muna
Uskayaw
Vehumet
Wu Jian
Xom
Yredelemnul
Zin
The Shining One

Shops:
D:4

[[ # # ###### # #....# # #....#
# #....# # #....# #
##########....#################
#
[...##........##@.............#
#
###.##.....#####o######...###.#
# #.##.....# #.######...###.###
#.##.....## #.................
#.##......# #.######...####.##
#.####....# #)# #...# #.## #.#
#....# ##.########## #..# #.#
#....# #...........# ##.# #.#
#....# #...........# #..


You could see an orc warrior.


Message History

Deactivating autopickup; reactivate with Ctrl-A.
The sky beast flickers out of sight!
Something hits you. Something shocks you.
HP[-8]
You take 8 damage, and now have 72/80 hp.
The bullfrog barely misses you.
An orc comes into view. It is wielding a +0 war axe.
Something hits you. Something shocks you. The bullfrog hits you.
HP[-11]
You take 11 damage, and now have 61/80 hp.
You scratch the bullfrog but do no damage.
Something hits you. Something shocks you.
An orc warrior comes into view. It is wielding a +0 long sword.
The bullfrog hits you.
HP[-14]
You take 14 damage, and now have 47/80 hp.
You claw the bullfrog! You block the bullfrog's attack.
You block something's attack.
HP[+1]
You barely miss the bullfrog. You block the bullfrog's attack.
Something hits you. Something shocks you. Something hits you.
* * * LOW HITPOINT WARNING * * *
Something shocks you.
* * * LOW HITPOINT WARNING * * *
The bullfrog hits you.
* * * LOW HITPOINT WARNING * * *
You are too injured to fight recklessly!
You are too injured to fight recklessly!
You are too injured to fight recklessly!
HP[-19]
You take 19 damage, and now have 29/80 hp.
MASSIVE DAMAGE!! (PAUSE)
You are too injured to fight recklessly!
You are too injured to fight recklessly!
You are too injured to fight recklessly!
You are too injured to fight recklessly!
You are too injured to fight recklessly!
You are too injured to fight recklessly!
You are too injured to fight recklessly!
You are too injured to fight recklessly!
You are too injured to fight recklessly!
You are too injured to fight recklessly!
You are too injured to fight recklessly!
You are too injured to fight recklessly!
You are too injured to fight recklessly!
You barely miss the bullfrog. The bullfrog hits you.
* * * LOW HITPOINT WARNING * * *
Something completely misses you. You block something's attack.
The bullfrog closely misses you.
HP[-4]
You take 4 damage, and now have 25/80 hp.
HP[+1]
Something hits you.
* * * LOW HITPOINT WARNING * * *
Something shocks you.
* * * LOW HITPOINT WARNING * * *
A sky beast appears from thin air!
Reactivating autopickup.
HP[-8]
You take 8 damage, and now have 18/80 hp.
HP[+1]
The sky beast attacks as you move away! The sky beast closely misses you.
HP[+1]
Something hits you.
* * * LOW HITPOINT WARNING * * *
Something shocks you.
* * * LOW HITPOINT WARNING * * *
Deactivating autopickup; reactivate with Ctrl-A.
HP[-9]
You take 9 damage, and now have 11/80 hp.
Something hits you but does no damage. The bullfrog closely misses you.
HP[+1]
The bullfrog hits you.
* * * LOW HITPOINT WARNING * * *
Something hits you but does no damage. The bullfrog barely misses you.
The bullfrog hits you.
* * * LOW HITPOINT WARNING * * *
You block the orc warrior's attack.
HP[+1]
You block something's attack.
HP[+1]
You block something's attack.
HP[+1]
The sky beast flickers out of sight!
There is a stone staircase leading up here.
HP[+2]
You regained 2 hp, and now have 17/80 hp.
Something hits you but does no damage.
A sky beast appears from thin air!
Reactivating autopickup.
The orc warrior hits you with a +0 long sword!
* * * LOW HITPOINT WARNING * * *
The bullfrog barely misses you.
You climb upwards.
There is a stone staircase leading down here.
HP[-8]
You take 8 damage, and now have 9/80 hp.
You closely miss the orc warrior.
The orc warrior hits you with a +0 long sword!
* * * LOW HITPOINT WARNING * * *
Something hits you.
You die...

Skill      XL: |  1  2  3  4  5  6  7  8 |
---------------+-------------------------+-----
Unarmed Combat | 3 4 5 6 |  6.4
Shields        | 3 4 5 |  5.8
Throwing       | 1 2 3 5 |  5.0
Fighting       | 3 4 5 |  5.3
Dodging        | |  2.4

Action                   |  1- 3 |  4- 6 |  7- 9 || total
-------------------------+-------+-------+-------++-------
Melee: Unarmed           |   134 |   151 |   161 ||   446
       Demon whip        |       |     8 |       ||     8
 Stab: Sleeping          |     1 |       |       ||     1
Armor: Robe              |    57 |    63 |    43 ||   163
Dodge: Dodged            |    44 |    78 |    70 ||   192
Block: Kite shield       |    49 |    55 |    61 ||   165

Levels and vault maps discovered:
D:1:      evilmike_arrival_plus, layout_basic
D:2:      layout_loops_corners, shapermc_ecumenical_altar_flowoftime,
          minmay_misc_feat_hallway, minmay_tromino_v2
D:3:      layout_rooms, mainiacjoe_overflow_alcove_1,
          gammafunk_temple_overflow_claw, uniq_terence
D:4:      layout_basic, ebering_ghost_reflecting_pool, serial_shops,
          shop_fountains, nicolae_stop_n_shop_1, uniq_eustachio
D:5:      layout_cave_pools, minmay_overflow_temple_star_hex
D:6:      layout_basic, overflow_temple_1_default
D:7:      minmay_general_purpose_star, layout_rooms, lemuel_doored_altar,
          nicolae_vehumet_radiance, temple_statues
Temple:   compressed_dpeg_triangle_lava_temple

Notes
Turn   | Place    | Note
-------+----------+-------------------------------------------
     0 | D:1      | zeratav the Troll Fighter began the quest for the Orb.
     0 | D:1      | Reached XP level 1. HP: 22/22 MP: 0/0
     0 | D:1      | magus.rc [v1.9.6]
   196 | D:1      | Reached XP level 2. HP: 29/29 MP: 1/1
   264 | D:1      | Reached skill level 3 in Unarmed Combat
   768 | D:1      | Reached XP level 3. HP: 36/36 MP: 2/2
  1033 | D:2      | Found a faded altar of an unknown god.
  1480 | D:2      | Reached skill level 3 in Shields
  1650 | D:2      | Reached skill level 1 in Throwing
  1661 | D:2      | You pick up a book of Blood and begin reading...
  1661 | D:2      | You add the spells Sublimation of Blood, Wereblood and
                  | Summon Hydra to your library.
  1921 | D:3      | Found a blossoming altar of Fedhas.
  1935 | D:3      | Reached XP level 4. HP: 42/44 MP: 3/3
  2108 | D:3      | Noticed Terence
  2125 | D:3      | Killed Terence
  2230 | D:3      | Found a broken altar of Ashenzari.
  2230 | D:3      | Found a burning altar of Makhleb.
  2231 | D:3      | Found a basalt altar of Yredelemnul.
  2268 | D:4      | Found Otrinana's Armour Emporium.
  2283 | D:4      | Reached skill level 3 in Fighting
  2509 | D:4      | Found Ebei's Antique Armour Shop.
  2509 | D:4      | Found the +5 demon whip "Spellbinder" {antimagic, Will+}
  2521 | D:4      | Reached XP level 5. HP: 21/53 MP: 4/4
  2595 | D:4      | Noticed Eustachio
  2614 | D:4      | Killed Eustachio
  2615 | D:4      | Reached skill level 2 in Throwing
  2615 | D:4      | Reached skill level 4 in Unarmed Combat
  2615 | D:4      | Reached XP level 6. HP: 47/61 MP: 1/5
  2816 | D:4      | Found a runed translucent door.
  2859 | D:4      | Noticed chrisa4242's ghost (weakling FeDe)
  2899 | D:4      | Reached skill level 4 in Shields
  3194 | D:4      | Killed chrisa4242's ghost
  3195 | D:4      | Reached XP level 7. HP: 57/68 MP: 6/6
  3280 | D:5      | Entered Level 5 of the Dungeon
  3291 | D:5      | Reached skill level 3 in Throwing
  3321 | D:5      | You fall into a shaft and drop 1 floor!
  3377 | D:6      | Reached skill level 4 in Fighting
  3562 | D:5      | You pick up a book of Cantrips and begin reading...
  3562 | D:5      | You add the spells Necrotize, Summon Small Mammal and
                  | Apportation to your library.
  3620 | D:4      | HP: 17/70 [gnoll sergeant/+0 trident (11)]
  3621 | D:4      | HP: 7/70 [gnoll sergeant/+0 trident (11)]
  3622 | D:4      | HP: 3/70 [gnoll sergeant/+0 trident (5)]
  3626 | D:4      | Reached skill level 5 in Unarmed Combat
  3819 | D:5      | Found a shimmering altar of Xom.
  3823 | D:5      | Found an ancient bone altar of Kikubaaqudgha.
  3823 | D:5      | Found a snail-covered altar of Cheibriados.
  3831 | D:5      | Found a sparkling altar of Nemelex Xobeh.
  3833 | D:5      | Found a white marble altar of Elyvilon.
  4023 | D:6      | Reached XP level 8. HP: 26/79 MP: 7/7
  4098 | D:6      | Reached skill level 4 in Throwing
  4098 | D:6      | Reached skill level 5 in Shields
  4245 | D:6      | magus.rc [v1.9.6]
  4403 | D:6      | Found a stormy altar of Qazlal.
  4551 | D:6      | Reached skill level 5 in Fighting
  4551 | D:6      | Reached skill level 6 in Unarmed Combat
  4797 | D:7      | Found a radiant altar of Vehumet.
  4846 | D:7      | Found a staircase to the Ecumenical Temple.
  4857 | Temple   | Entered the Ecumenical Temple
  5002 | Temple   | Became a worshipper of Ru the Awakened
  5077 | D:7      | Reached skill level 5 in Throwing
  5085 | D:7      | HP: 17/80 [something (6)]
  5090 | D:7      | HP: 12/80 [bullfrog (1)]
  5096 | D:7      | HP: 8/80 [orc warrior/+0 long sword (10)]
  5098 | D:6      | HP: 2/80 [orc warrior/+0 long sword (8)]
  5098 | D:6      | Slain by a sky beast

Vanquished Creatures
  Eustachio (D:4)
  A steam dragon (D:6)
  2 orc warriors
  2 ice beasts (D:7)
  A black bear (D:6)
  2 sky beasts (D:6)
  An ogre (D:6)
  A bullfrog (D:6)
  A gnoll sergeant (D:4)
  A necrophage (D:5)
  2 scorpions
  The ghost of chrisa4242 the Sneak, a weakling FeDe (D:4)
  4 hounds
  2 orc priests (D:7)
  A jelly (D:4)
  An iguana (D:6)
  4 orc wizards
  Terence (D:3)
  3 gnolls (D:5)
  7 adders
  A white imp (D:7)
  An ufetubus (D:4)
  2 dart slugs
  17 orcs
  11 ball pythons
  6 endoplasms
  2 giant cockroaches
  6 goblins
  7 hobgoblins
  11 jackals
  9 kobolds
  4 quokkas
  3 bats
  4 frilled lizards
  5 rats
128 creatures vanquished.

Table legend:
 A = Non-vault XP
 B = Vault XP
 C = Vault XP percentage of total XP
 D = Non-vault monster count
 E = Vault monster count
 F = Vault count percentage of total count
                 A         B        C        D         E       F
            +---------+---------+-------+---------+---------+-------
      Total |    2436 |     266 |   9.8 |     123 |       5 |   3.9
            +---------+---------+-------+---------+---------+-------
        D:1 |      46 |       0 |   0.0 |      28 |       0 |   0.0
        D:2 |      37 |       6 |  14.0 |      16 |       2 |  11.1
        D:3 |      35 |      32 |  47.8 |      12 |       1 |   7.7
        D:4 |     475 |     228 |  32.4 |      32 |       2 |   5.9
        D:5 |     140 |       0 |   0.0 |       5 |       0 |   0.0
        D:6 |    1173 |       0 |   0.0 |      20 |       0 |   0.0
        D:7 |     530 |       0 |   0.0 |      10 |       0 |   0.0
            +---------+---------+-------+---------+---------+-------

Illustrated notes

Table legend:
 A = Kills in this place as a percentage of kills in entire the game.
 B = Kills by you in this place as a percentage of kills by you in the entire game.
 C = Kills by friends in this place as a percentage of kills by friends in the entire game.
 D = Other kills in this place as a percentage of other kills in the entire game.
 E = Experience gained in this place as a percentage of experience gained in the entire game.
 F = Experience gained in this place divided by the number of levels of this place that you have seen.
                   A       B       C       D       E      F
               +-------+-------+-------+-------+-------+----------------------
         Total | 100.0 | 100.0 |   N/A |   N/A | 100.0 | 337.8
       Dungeon | 100.0 | 100.0 |   N/A |   N/A | 100.0 | 386.0
               +-------+-------+-------+-------+-------+----------------------

Table legend: (Time is in decaauts)
 A = Elapsed time spent in this place.
 B = Non-inter-level travel time spent in this place.
 C = Inter-level travel time spent in this place.
 D = Time resting spent in this place.
 E = Time spent auto-exploring this place.
 F = Levels seen in this place.
 G = Mean time per level.
                   A        B        C        D        E       F      G
               +--------+--------+--------+--------+--------+-----+--------+
         Total |   5122 |   4913 |    209 |    167 |   3759 |   8 |  640.2 |
       Dungeon |   4958 |   4788 |    170 |    167 |   3641 |   7 |  708.3 |
        Temple |    163 |    125 |     38 |      0 |    118 |   1 |  163.0 |
               +--------+--------+--------+--------+--------+-----+--------+

Top non-repeatable levels by time:
     D:4: 1101 daAuts
     D:2: 1007 daAuts
     D:1: 924 daAuts
     D:6: 810 daAuts
     D:5: 506 daAuts
     D:3: 350 daAuts
     D:7: 259 daAuts
  Temple: 163 daAuts
